 Dungeon Crawl Stone Soup version 0.20-a0-268-gb6bde61 (webtiles) character file.

6267 tboon the Cleaver (level 10, 0/90 HPs)
             Began as a Minotaur Fighter on Dec 7, 2016.
             Was an Elder of Okawaru.
             Slain by a 15-headed hydra (2 damage)
             ... on level 8 of the Dungeon.
             The game lasted 00:28:32 (9141 turns).

tboon the Cleaver (Minotaur Fighter)                Turns: 9141, Time: 00:28:33

Health: 0/90       AC: 25    Str: 25    XL:     10   Next: 62%
Magic:  9/11       EV: 12    Int:  7    God:    Okawaru [****..]
Gold:   596        SH: 17    Dex: 12    Spells: 9/9 levels left

rFire  . . .     SeeInvis .     a - +2 war axe
rCold  . . .     Gourm    .     x - +0 plate armour
rNeg   . . .     Faith    .     c - +0 shield
rPois  .         Spirit   .     H - +1 hat
rElec  .         Reflect  +     G - +0 cloak
rCorr  .         Harm     .     E - +2 pair of gloves
MR     .....                    D - +2 pair of boots
Stlth  ..........               J - +5 amulet of reflection
                                (no ring)
                                (no ring)

@: mighty, heroism
A: retaliatory headbutt, horns 2
a: Heroism, Renounce Religion


You were on level 8 of the Dungeon.
You worshipped Okawaru.
Okawaru was greatly pleased with you.
You were hungry.

You visited 2 branches of the dungeon, and saw 11 of its levels.

You collected 835 gold pieces.
You spent 239 gold pieces at shops.

Inventory:

Hand Weapons
 a - a +2 war axe (weapon)
Armour
 c - a +0 shield (worn)
 x - a +0 plate armour (worn)
   (You found it on level 4 of the Dungeon)
 D - a +2 pair of boots (worn)
   (You found it on level 8 of the Dungeon)
 E - a +2 pair of gloves (worn)
   (You found it on level 8 of the Dungeon)
 G - a +0 cloak (worn)
   (You took it off Maurice on level 9 of the Dungeon)
 H - a +1 hat (worn)
   (You found it on level 8 of the Dungeon)
Jewellery
 w - an uncursed ring of resist corrosion {unknown}
   (You found it on level 1 of the Lair of Beasts)
 F - an uncursed ring of poison resistance {unknown}
   (You found it on level 1 of the Lair of Beasts)
 J - a +5 amulet of reflection (around neck)
   (You found it on level 8 of the Dungeon)
Wands
 C - a wand of enslavement (7/24)
   (You took it off a kobold on level 8 of the Dungeon)
 I - a wand of confusion (24/48)
   (You found it on level 5 of the Dungeon)
Scrolls
 b - 3 scrolls of enchant armour {unknown}
 d - a scroll of random uselessness {unknown}
 e - 2 scrolls of amnesia {unknown}
 g - 2 scrolls of teleportation
 i - a scroll of blinking {unknown}
 o - a scroll of fog {unknown}
 p - 2 scrolls of enchant weapon
 t - 3 scrolls of noise {unknown}
 v - 3 scrolls of fear
 y - a scroll of immolation {unknown}
 A - 3 scrolls of remove curse
 K - 2 scrolls of identify
Potions
 h - a potion of magic
 j - a potion of heal wounds
 l - a potion of cure mutation {!q}
 m - 6 potions of curing
 n - 2 potions of flight
 r - 2 potions of mutation {unknown}
 u - a potion of agility
 z - a potion of brilliance {unknown}
 B - a potion of degeneration {unknown}
Miscellaneous
 M - a phantom mirror
Comestibles
 f - 5 bread rations
 k - 4 meat rations
 s - 4 fruits
 L - a beef jerky


   Skills:
 - Level 8.5(13.5) Fighting
 * Level 12.5(17.5) Axes
 - Level 8.5(13.5) Armour
 - Level 6.7(11.7) Dodging
 + Level 5.6(10.6) Shields
 + Level 3.5 Invocations


You had 9 spell levels left.
You didn't know any spells.

Dungeon Overview and Level Annotations

Branches:
Dungeon (10/15)            Temple (0/1) D:6            Lair (1/6) D:8
    Orc (0/2) D:10

Altars:
Ashenzari
Elyvilon
Makhleb
Nemelex Xobeh
Okawaru
Ru
Sif Muna
Trog
Uskayaw
Xom
The Shining One

Shops:
D:7 ?   D:9 }**!


Innate Abilities, Weirdness & Mutations

You reflexively headbutt those who attack you in melee.
You have a pair of horns on your head.


Message History

You block the seven-headed hydra's attack.
The seven-headed hydra barely misses you.
You block the seven-headed hydra's attack.
The seven-headed hydra bites you.
You chop one of the seven-headed hydra's heads off!
The six-headed hydra grows two more!
You slash the eight-headed hydra! You headbutt the eight-headed hydra!!
The eight-headed hydra is heavily wounded.
The eight-headed hydra barely misses you.
The eight-headed hydra bites you but does no damage.
You block the eight-headed hydra's attack.
The eight-headed hydra bites you but does no damage.
The eight-headed hydra bites you!
The eight-headed hydra barely misses you.
You block the eight-headed hydra's attack.
The eight-headed hydra bites you but does no damage.
You lop one of the eight-headed hydra's heads off!
The seven-headed hydra grows two more!
You slice the nine-headed hydra!!
The nine-headed hydra is severely wounded.
The nine-headed hydra bites you.
The nine-headed hydra closely misses you.
You block the nine-headed hydra's attack.
The nine-headed hydra bites you but does no damage.
You block the nine-headed hydra's attack.
The nine-headed hydra bites you but does no damage.
You block the nine-headed hydra's attack.
The nine-headed hydra misses you. x2
You hack one of the nine-headed hydra's heads off!
The eight-headed hydra grows two more!
You hit the ten-headed hydra.
The ten-headed hydra is heavily wounded.
You block the ten-headed hydra's attack. x2
The ten-headed hydra bites you but does no damage.
The ten-headed hydra bites you. The ten-headed hydra misses you.
The ten-headed hydra bites you! The ten-headed hydra barely misses you.
The ten-headed hydra closely misses you.
You block the ten-headed hydra's attack.
The ten-headed hydra barely misses you.
You chop one of the ten-headed hydra's heads off!
The nine-headed hydra grows two more!
You slash the 11-headed hydra!
Your headbutt misses the 11-headed hydra.
The 11-headed hydra is heavily wounded.
Your shield prevents you from hitting the 11-headed hydra.
The 11-headed hydra is heavily wounded.
You block the 11-headed hydra's attack. x2
The 11-headed hydra bites you but does no damage. x2
You block the 11-headed hydra's attack.
The 11-headed hydra bites you but does no damage.
You block the 11-headed hydra's attack. The 11-headed hydra bites you!
The 11-headed hydra misses you. The 11-headed hydra closely misses you.
The 11-headed hydra misses you.
You lop one of the 11-headed hydra's heads off!
The ten-headed hydra grows two more!
You slice the 12-headed hydra!!
The 12-headed hydra is heavily wounded.
You block the 12-headed hydra's attack. x3
The 12-headed hydra bites you but does no damage.
The 12-headed hydra barely misses you. You block the 12-headed hydra's attack.
The 12-headed hydra closely misses you. You block the 12-headed hydra's attack.
The 12-headed hydra completely misses you.
The 12-headed hydra closely misses you.
The 12-headed hydra bites you but does no damage. x2
You lop one of the 12-headed hydra's heads off!
The 11-headed hydra grows two more!
You slash the 13-headed hydra!
The 13-headed hydra is heavily wounded.
You block the 13-headed hydra's attack. x3
The 13-headed hydra bites you but does no damage.
The 13-headed hydra barely misses you.
The 13-headed hydra bites you but does no damage.
The 13-headed hydra bites you!
The 13-headed hydra bites you but does no damage.
The 13-headed hydra barely misses you.
The 13-headed hydra bites you but does no damage.
You block the 13-headed hydra's attack.
The 13-headed hydra bites you but does no damage.
The 13-headed hydra bites you.
You barely miss the 13-headed hydra. You headbutt the 13-headed hydra.
The 13-headed hydra is heavily wounded.
You lop one of the 13-headed hydra's heads off!
The 12-headed hydra grows two more!
You slash the 14-headed hydra! You headbutt the 14-headed hydra!
The 14-headed hydra is almost dead.
You block the 14-headed hydra's attack. x2; The 14-headed hydra bites you!
* * * LOW HITPOINT WARNING * * *
The 14-headed hydra bites you!
* * * LOW HITPOINT WARNING * * *
You block the 14-headed hydra's attack. x3
The 14-headed hydra bites you but does no damage. x2
The 14-headed hydra closely misses you.
The 14-headed hydra bites you but does no damage. x2
The 14-headed hydra bites you.
* * * LOW HITPOINT WARNING * * *
The 14-headed hydra bites you!
* * * LOW HITPOINT WARNING * * *
You slice one of the 14-headed hydra's heads off!
The 13-headed hydra grows two more!
You slice the 15-headed hydra!!
The 15-headed hydra is almost dead.
The 15-headed hydra bites you but does no damage.
You block the 15-headed hydra's attack.
The 15-headed hydra bites you but does no damage.
The 15-headed hydra bites you.
You die...

..#......##.########.............
#.#......##..## ##...##..........
#........###<.###..####..........
.........# ##..#..## #...........
.........# ##.#.#####.#.........
......#.######...##....#.........
......#....#...............######
...............###.####....#
.)......#####...@#.(.......# ###
#.)..#.######.#.D##...##..≈##≈§
#....#.#......#.....#.##.≈≈#≈#
...#.#.#.######...###.##§≈≈§≈#
.#.#.#.#...[......# #..#(≈≈###
##.#.#.#..#######.####.#..≈#
.#.._....## #..###.#...#
.###.#...# ##...#.##..#
.).......#### ###....#..######


You could see a 15-headed hydra.

Vanquished Creatures
  Maurice (D:9)
  Joseph (D:8)
  Psyche (D:8)
  A spiny frog (Lair:1)
  A hippogriff (D:7)
  5 yaks (Lair:1)
  Grum (D:8)
  3 porcupines (Lair:1)
  A water moccasin (D:9)
  2 ice beasts
  A phantom (D:10)
  3 sky beasts
  6 ogres
  2 eyes of draining
  4 wolves (D:8)
  2 centaurs
  3 crocodiles
  A big kobold (D:8)
  2 bullfrogs
  A wyvern zombie (D:7)
  6 scorpions
  3 howler monkeys
  5 crimson imps
  A centaur zombie (D:9)
  7 hounds
  2 orc priests (D:9)
  A jelly (D:9)
  An orc wizard (D:5)
  A centaur skeleton (D:4)
  Jessica (D:2)
  A bullfrog skeleton (D:9)
  Natasha (D:2)
  6 worker ants
  A killer bee zombie (D:9)
  A hound zombie (D:6)
  A worker ant zombie (D:7)
  7 adders
  A shadow imp (D:10)
  3 oozes
  2 adder skeletons
  3 worms
  2 dart slugs (D:1)
  7 leopard geckos
  12 orcs
  A ball python (D:3)
  3 bats
  10 giant cockroaches
  7 goblins
  7 hobgoblins
  9 jackals
  12 kobolds
  2 quokkas
  8 frilled lizards
  A jackal zombie (D:6)
  A leopard gecko zombie (D:5)
  5 rats
184 creatures vanquished.

Notes
Turn   | Place    | Note
-------+----------+-------------------------------------------
     0 | D:1      | tboon the Minotaur Fighter began the quest for the Orb.
     0 | D:1      | Reached XP level 1. HP: 19/19 MP: 0/0
   192 | D:1      | Reached XP level 2. HP: 27/27 MP: 1/1
   255 | D:1      | Reached skill level 3 in Axes
   301 | D:1      | Reached skill level 4 in Fighting
   317 | D:1      | Found a sparkling altar of Nemelex Xobeh.
   469 | D:1      | Reached XP level 3. HP: 31/33 MP: 2/2
   700 | D:2      | HP: 7/33 [worm (9)]
  1059 | D:2      | You fall through a shaft for 2 floors!
  1104 | D:3      | Reached skill level 4 in Armour
  1104 | D:3      | Reached skill level 1 in Dodging
  1186 | D:3      | Reached XP level 4. HP: 36/41 MP: 3/3
  1364 | D:2      | Noticed Jessica
  1372 | D:2      | Killed Jessica
  1372 | D:2      | Reached skill level 4 in Axes
  1524 | D:2      | Noticed Natasha
  1531 | D:2      | Killed Natasha
  1531 | D:2      | Reached XP level 5. HP: 44/47 MP: 4/4
  1639 | D:2      | Found a deep blue altar of Sif Muna.
  2130 | D:3      | Found a shimmering altar of Xom.
  2130 | D:3      | Found a burning altar of Makhleb.
  2155 | D:3      | Reached skill level 5 in Fighting
  2155 | D:3      | Reached skill level 2 in Dodging
  2396 | D:4      | Reached skill level 5 in Axes
  2414 | D:4      | Reached XP level 6. HP: 48/56 MP: 5/5
  2596 | D:4      | Reached skill level 5 in Armour
  2779 | D:4      | Found a hide-covered altar of Uskayaw.
  2821 | D:4      | Reached skill level 3 in Dodging
  2957 | D:4      | Reached skill level 6 in Axes
  2957 | D:4      | Reached XP level 7. HP: 50/61 MP: 6/6
  3173 | D:5      | Entered Level 5 of the Dungeon
  3237 | D:5      | Found a sacrificial altar of Ru.
  3343 | D:5      | Found a shattered altar of Ashenzari.
  3607 | D:5      | Reached skill level 6 in Fighting
  3607 | D:5      | Reached skill level 7 in Axes
  3974 | D:5      | Reached skill level 4 in Dodging
  4043 | D:6      | Reached XP level 8. HP: 69/70 MP: 7/7
  4096 | D:6      | Reached skill level 6 in Armour
  4118 | D:6      | Found a white marble altar of Elyvilon.
  4156 | D:6      | Found an iron altar of Okawaru.
  4164 | D:6      | Became a worshipper of Warmaster Okawaru
  4244 | D:6      | Found a staircase to the Ecumenical Temple.
  4262 | D:6      | Found a bloodstained altar of Trog.
  4264 | D:6      | Found a glowing golden altar of the Shining One.
  4312 | D:6      | Found a sparkling altar of Nemelex Xobeh.
  4703 | D:7      | Noticed a hippogriff
  4711 | D:7      | Killed a hippogriff
  4711 | D:7      | Reached skill level 8 in Axes
  4986 | D:7      | Found Emebb's Magic Scroll Emporium.
  4989 | D:7      | Bought a scroll of remove curse for 39 gold pieces
  4990 | D:7      | Bought a scroll of identify for 26 gold pieces
  4990 | D:7      | Bought a scroll of identify for 26 gold pieces
  4990 | D:7      | Bought 2 scrolls of identify for 52 gold pieces
  5108 | D:7      | Reached * piety under Okawaru
  5535 | D:8      | Found an iron altar of Okawaru.
  5549 | D:8      | Reached skill level 5 in Dodging
  5586 | D:8      | Reached skill level 7 in Fighting
  5586 | D:8      | Reached skill level 7 in Armour
  5596 | D:8      | Reached skill level 9 in Axes
  5628 | D:8      | Noticed Psyche
  5638 | D:8      | Killed Psyche
  5638 | D:8      | Reached ** piety under Okawaru
  5638 | D:8      | Reached XP level 9. HP: 66/79 MP: 8/8
  5743 | D:8      | Noticed Grum
  5761 | D:8      | HP: 18/79 [wolf[Grum] (8)]
  5773 | D:8      | HP: 14/79 [Grum/halberd (6)]
  5781 | D:8      | HP: 11/79 [Grum/halberd (19)]
  5784 | D:8      | Killed Grum
  5788 | D:8      | HP: 7/79 [wolf[Grum] (6)]
  5792 | D:8      | Reached skill level 6 in Dodging
  6165 | D:8      | Found a shattered altar of Ashenzari.
  6171 | D:8      | Reached skill level 10 in Axes
  6221 | D:8      | Found a staircase to the Lair.
  6385 | D:8      | Noticed Joseph
  6413 | D:8      | Killed Joseph
  6413 | D:8      | Reached *** piety under Okawaru
  6413 | D:8      | Reached skill level 8 in Fighting
  6413 | D:8      | Reached skill level 8 in Armour
  6695 | D:9      | Noticed Maurice
  6878 | D:9      | Found Mamaabla's Distillery.
  6882 | D:9      | Found Tuymnusk's Assorted Antiques.
  6886 | D:9      | Bought a potion of might for 44 gold pieces
  6935 | D:9      | Killed Maurice
  6935 | D:9      | Reached skill level 11 in Axes
  6987 | D:9      | Found Sarholen's Assorted Antiques.
  6995 | D:9      | Bought a scroll of identify for 52 gold pieces
  7028 | D:9      | Found Voqoaf's Armour Shoppe.
  7110 | D:9      | Reached XP level 10. HP: 89/90 MP: 9/9
  7122 | D:9      | Found Duifirig's Gadget Shop.
  7725 | D:7      | Reached skill level 4 in Shields
  7764 | D:10     | Entered Level 10 of the Dungeon
  7774 | D:10     | Reached skill level 1 in Invocations
  7810 | D:10     | Found a staircase to the Orcish Mines.
  8174 | D:10     | Reached skill level 2 in Invocations
  8627 | Lair:1   | Entered Level 1 of the Lair of Beasts
  8724 | Lair:1   | Noticed a spiny frog
  8731 | Lair:1   | Killed a spiny frog
  8731 | Lair:1   | Reached **** piety under Okawaru
  8731 | Lair:1   | Reached skill level 12 in Axes
  8817 | Lair:1   | Reached skill level 5 in Shields
  8855 | Lair:1   | Reached skill level 3 in Invocations
  9066 | Lair:1   | Noticed a seven-headed hydra
  9140 | D:8      | HP: 22/90 [14-headed hydra (9)]
  9140 | D:8      | HP: 2/90 [14-headed hydra (9)]
  9141 | D:8      | Slain by a 15-headed hydra

Vault maps used:
D:1:      dpeg_chamrin_arrival_tetris, grunt_decor_cap, solitary_fountain,
          nemelex_diamond_rough_becter
D:2:      lemuel_blue_sif_altar, uniq_natasha, uniq_jessica
D:3:      grunt_temple_overflow_champion_of_chaos, first_bread,
          grunt_ministairs_15
D:4:      lemuel_crystal_altar
D:5:      marbit_many_paths, nicolae_ashenzari_panopticon
D:6:      chequers_temple_overflow_statue_of_worship,
          grunt_temple_overflow_open, basic_altar
D:7:      serial_shops, nicolae_shop_behind_doors
D:8:      lemuel_doored_altar, lemuel_crystal_altar, lair_entry_dummy,
          lemuel_another_geyser, uniq_psyche, uniq_joseph, uniq_grum
D:9:      serial_shops, shop, shop, nicolae_shop_trees, shop_fountains,
          nicolae_shop_trees, uniq_maurice
D:10:     orc_0_dummy
Lair:1:   lemuel_fruit_fields

Skill      XL: |  1  2  3  4  5  6  7  8  9 10 |
---------------+-------------------------------+-----
Axes           | 3 4 5 6 7 9 11 12 | 12.5
Fighting       | 4 5 6 7 8 |  8.5
Armour         | 4 5 7 8 |  8.5
Dodging        | 1 2 3 4 5 6 |  6.7
Shields        | 5 |  5.6
Invocations    | 3 |  3.5

Action                   |  1- 3 |  4- 6 |  7- 9 | 10-12 || total
-------------------------+-------+-------+-------+-------++-------
Melee: War axe           |    66 |   137 |   237 |   192 ||   632
       Headbutt          |     8 |    18 |    53 |    37 ||   116
Invok: Heroism           |       |       |     3 |     2 ||     5
  Use: Scroll            |       |     1 |    12 |     1 ||    14
       Potion            |       |       |     3 |     2 ||     5
  Eat: Chunk             |     1 |     3 |    10 |     6 ||    20
       Royal jelly       |       |     1 |       |       ||     1
       Fruit             |       |     1 |     2 |       ||     3
       Pizza             |       |       |     1 |       ||     1
Armor: Scale mail        |    36 |    47 |    78 |       ||   161
       Skin              |       |     1 |       |       ||     1
       Plate armour      |       |       |       |    84 ||    84
Dodge: Dodged            |    22 |    34 |    78 |    47 ||   181
Block: Shield            |    33 |    77 |   109 |   133 ||   352

Vault maps used:
D:1:      dpeg_chamrin_arrival_tetris, grunt_decor_cap, solitary_fountain,
          nemelex_diamond_rough_becter
D:2:      lemuel_blue_sif_altar, uniq_natasha, uniq_jessica
D:3:      grunt_temple_overflow_champion_of_chaos, first_bread,
          grunt_ministairs_15
D:4:      lemuel_crystal_altar
D:5:      marbit_many_paths, nicolae_ashenzari_panopticon
D:6:      chequers_temple_overflow_statue_of_worship,
          grunt_temple_overflow_open, basic_altar
D:7:      serial_shops, nicolae_shop_behind_doors
D:8:      lemuel_doored_altar, lemuel_crystal_altar, lair_entry_dummy,
          lemuel_another_geyser, uniq_psyche, uniq_joseph, uniq_grum
D:9:      serial_shops, shop, shop, nicolae_shop_trees, shop_fountains,
          nicolae_shop_trees, uniq_maurice
D:10:     orc_0_dummy
Lair:1:   lemuel_fruit_fields

Table legend:
 A = Turns spent in this place as a percentage of turns spent in the entire game.
 B = Non-inter-level travel turns spent in this place as a percentage of non-inter-level travel turns spent in the entire game.
 C = Inter-level travel turns spent in this place as a percentage of turns spent in this place.
 D = Turns resting spent in this place as a percentage of non-inter-level travel turns spent in this place.
 E = Turns spent auto-exploring this place as a percentage of non-inter-level travel turns spent in this place.
 F = Non-inter-level travel turns spent in this place divided by the number of levels of this place that you've seen.
                   A       B       C       D       E      F
               +-------+-------+-------+-------+-------+----------------------
         Total | 100.0 | 100.0 |   0.9 |   2.7 |  12.4 | 183.5
       Dungeon |  89.3 |  89.2 |   1.0 |   3.1 |  12.9 | 180.1
          Lair |  10.7 |  10.8 |   0.0 |   0.0 |   7.8 | 217.0
               +-------+-------+-------+-------+-------+----------------------

Table legend:
 A = Kills in this place as a percentage of kills in entire the game.
 B = Kills by you in this place as a percentage of kills by you in the entire game.
 C = Kills by friends in this place as a percentage of kills by friends in the entire game.
 D = Other kills in this place as a percentage of other kills in the entire game.
 E = Experience gained in this place as a percentage of experience gained in the entire game.
 F = Experience gained in this place divided by the number of levels of this place that you have seen.
                   A       B       C       D       E      F
               +-------+-------+-------+-------+-------+----------------------
         Total | 100.0 | 100.0 |  -nan |  -nan | 100.0 | 813.9
       Dungeon |  94.0 |  94.0 |  -nan |  -nan |  77.1 | 690.4
          Lair |   6.0 |   6.0 |  -nan |  -nan |  22.9 | 2049.0
               +-------+-------+-------+-------+-------+----------------------
